| TOP OF THE 1ST |
|
San Francisco Giants batting - Pitching for Atlanta Braves : RHP Sean Geer
|
|
Pitching: RHP Sean Geer
|
|
|
Batting: RHB Nick Rigden
|
0-0: Ball 1-0: Ball 2-0: Ball 3-0: Base on Balls
|
|
Batting: LHB Carey Horncole
|
0-0: Foul Ball, location: 2F 0-1: Called Strike 0-2: SINGLE (Groundball, 34D, EV 95.0 MPH) Nick Rigden to second Runner from 2nd tries for 3rd, SAFE, throw by RF made to third
|
|
Batting: RHB Sean Zielinski
|
0-0: Ball 1-0: Ball 2-0: Foul Ball, location: 2F 2-1: Foul Ball, location: 2F 2-2: Ball 3-2: Grounds into double play, 4-6-3 (Groundball, 4, EV 82.5 MPH) Nick Rigden scores
|
|
Batting: LHB Jack Henningar
|
0-0: SOLO HOME RUN (Flyball, 89XD, EV 116.2 MPH), Distance : 457 ft
|
|
Batting: SHB Ryan Doss
|
0-0: Ball 1-0: Ball 2-0: SINGLE (Line Drive, 9S, EV 99.4 MPH)
|
|
Batting: LHB Tom Best
|
0-0: Ball 1-0: Ball 2-0: Swinging Strike 2-1: Foul Ball, location: 2F 2-2: Ball 3-2: Foul Ball, location: 2F 3-2: Foul Ball, location: 2F 3-2: Ground out 1-3 (Groundball, 13S, EV 65.0 MPH)
|
| Top of the 1st over - 2 runs, 3 hits, 0 errors, 1 left on base; San Francisco 2 - Atlanta 0 |
| BOTTOM OF THE 1ST |
|
Atlanta Braves batting - Pitching for San Francisco Giants : RHP Keith Kidd
|
|
Pitching: RHP Keith Kidd
|
|
|
Batting: LHB Per Meulengracht
|
0-0: Called Strike 0-1: Swinging Strike 0-2: Ball 1-2: Strikes out looking
|
|
Batting: RHB Luis Torres
|
0-0: Foul Ball, location: 2F 0-1: Ball 1-1: Ball 2-1: Foul Ball, location: 2F 2-2: Ground out 4-3 (Groundball, 4M, EV 85.6 MPH)
|
|
Batting: RHB Jordan Martin
|
0-0: Called Strike 0-1: Swinging Strike 0-2: Strikes out swinging
|
| Bottom of the 1st over - 0 runs, 0 hits, 0 errors, 0 left on base; San Francisco 2 - Atlanta 0 |
| TOP OF THE 2ND |
|
San Francisco Giants batting - Pitching for Atlanta Braves : RHP Sean Geer
|
|
Batting: RHB Nate Hodson
|
0-0: Ball 1-0: Ball 2-0: Called Strike 2-1: Foul Ball, location: 2F 2-2: Ball 3-2: Strikes out looking
|
|
Batting: LHB John Blair
|
0-0: Called Strike 0-1: Ball 1-1: Ball 2-1: Foul Ball, location: 2F 2-2: Ground out 1-3 (Groundball, 15S, EV 76.2 MPH)
|
|
Batting: SHB Bill Dooms
|
0-0: Ground out U3 (Groundball, 13, EV 86.9 MPH)
|
| Top of the 2nd over - 0 runs, 0 hits, 0 errors, 0 left on base; San Francisco 2 - Atlanta 0 |
| BOTTOM OF THE 2ND |
|
Atlanta Braves batting - Pitching for San Francisco Giants : RHP Keith Kidd
|
|
Batting: RHB Adriaan Pieters
|
0-0: Foul Ball, location: 2F 0-1: Ball 1-1: Ball 2-1: Swinging Strike 2-2: Ball 3-2: Strikes out swinging
|
|
Batting: RHB Ike Trout
|
0-0: Called Strike 0-1: Ball 1-1: Ball 2-1: Fly out, F8 (Flyball, 8LS, EV 88.1 MPH)
|
|
Batting: LHB Colin Worthington
|
0-0: Ground out 4-3 (Groundball, 4, EV 82.5 MPH)
|
| Bottom of the 2nd over - 0 runs, 0 hits, 0 errors, 0 left on base; San Francisco 2 - Atlanta 0 |
| TOP OF THE 3RD |
|
San Francisco Giants batting - Pitching for Atlanta Braves : RHP Sean Geer
|
|
Batting: RHB Nick Rigden
|
0-0: Called Strike 0-1: Ball 1-1: Ball 2-1: Ball 3-1: Base on Balls
|
|
Batting: LHB Carey Horncole
|
0-0: Called Strike 0-1: Foul Ball, location: 2F 0-2: Foul Ball, location: 2F 0-2: Ball 1-2: Strikes out swinging
|
|
Batting: RHB Sean Zielinski
|
0-0: Called Strike 0-1: Ball 1-1: Called Strike 1-2: Ball 2-2: SINGLE (Groundball, 56, EV 108.8 MPH) (infield hit) Nick Rigden to second
|
|
Batting: LHB Jack Henningar
|
0-0: Ball 1-0: Foul Ball, location: 2F 1-1: Ball 2-1: Ball 3-1: Swinging Strike 3-2: Fielders Choice at 2nd, 3-6 (Groundball, 3S, EV 83.8 MPH) Nick Rigden to third
|
|
Batting: SHB Ryan Doss
|
0-0: Ball 1-0: Called Strike 1-1: Ground out 4-3 (Groundball, 4, EV 98.1 MPH)
|
| Top of the 3rd over - 0 runs, 1 hit, 0 errors, 2 left on base; San Francisco 2 - Atlanta 0 |
| BOTTOM OF THE 3RD |
|
Atlanta Braves batting - Pitching for San Francisco Giants : RHP Keith Kidd
|
|
Batting: RHB Xavier Davis
|
0-0: Ball 1-0: Ground out 6-3 (Groundball, 6, EV 103.1 MPH)
|
|
Batting: RHB Zhi-bin Ou-yang
|
0-0: Ball 1-0: Foul Ball, location: 2F 1-1: Ball 2-1: Foul Ball, location: 2F 2-2: Ball 3-2: Foul Ball, location: 2F 3-2: Foul Ball, location: 2F 3-2: Base on Balls
|
|
Batting: RHB Tade Post
|
0-0: Called Strike 0-1: Grounds into double play, 5-4-3 (Groundball, 56S, EV 84.4 MPH)
|
| Bottom of the 3rd over - 0 runs, 0 hits, 0 errors, 0 left on base; San Francisco 2 - Atlanta 0 |
| TOP OF THE 4TH |
|
San Francisco Giants batting - Pitching for Atlanta Braves : RHP Sean Geer
|
|
Batting: LHB Tom Best
|
0-0: Ball 1-0: Ground out 4-3 (Groundball, 13, EV 88.1 MPH)
|
|
Batting: RHB Nate Hodson
|
0-0: Swinging Strike 0-1: Foul Ball, location: 2F 0-2: Ball 1-2: Foul Ball, location: 2F 1-2: DOUBLE (Flyball, 8RXD, EV 110.6 MPH)
|
|
Batting: LHB John Blair
|
0-0: Called Strike 0-1: Called Strike 0-2: Strikes out looking
|
|
Batting: SHB Bill Dooms
|
0-0: Called Strike 0-1: Fly out, F7 (Line Drive, 7D, EV 100.0 MPH)
|
| Top of the 4th over - 0 runs, 1 hit, 0 errors, 1 left on base; San Francisco 2 - Atlanta 0 |
| BOTTOM OF THE 4TH |
|
Atlanta Braves batting - Pitching for San Francisco Giants : RHP Keith Kidd
|
|
Batting: LHB Per Meulengracht
|
0-0: Ball 1-0: Called Strike 1-1: Ground out 4-3 (Groundball, 4, EV 99.4 MPH)
|
|
Batting: RHB Luis Torres
|
0-0: Ball 1-0: Called Strike 1-1: Ball 2-1: Called Strike 2-2: Ball 3-2: Strikes out swinging, 2-3 out at first.
|
|
Batting: RHB Jordan Martin
|
0-0: Ball 1-0: DOUBLE (Line Drive, 89D, EV 105.0 MPH)
|
|
Batting: RHB Adriaan Pieters
|
0-0: Ball 1-0: Foul Ball, location: 2F 1-1: Called Strike 1-2: Ball 2-2: Ball 3-2: Strikes out swinging
|
| Bottom of the 4th over - 0 runs, 1 hit, 0 errors, 1 left on base; San Francisco 2 - Atlanta 0 |
| TOP OF THE 5TH |
|
San Francisco Giants batting - Pitching for Atlanta Braves : RHP Sean Geer
|
|
Batting: RHB Nick Rigden
|
0-0: Ball 1-0: Called Strike 1-1: Ball 2-1: Called Strike 2-2: Strikes out looking
|
|
Batting: LHB Carey Horncole
|
0-0: Ball 1-0: Swinging Strike 1-1: Swinging Strike 1-2: SINGLE (Line Drive, 7LS, EV 109.4 MPH)
|
|
Batting: RHB Sean Zielinski
|
0-0: Swinging Strike 0-1: Ball 1-1: Ball 2-1: Foul Ball, location: 2F 2-2: Grounds into double play, 3-6-3 (Groundball, 3, EV 111.2 MPH)
|
| Top of the 5th over - 0 runs, 1 hit, 0 errors, 0 left on base; San Francisco 2 - Atlanta 0 |
| BOTTOM OF THE 5TH |
|
Atlanta Braves batting - Pitching for San Francisco Giants : RHP Keith Kidd
|
|
Batting: RHB Ike Trout
|
0-0: Called Strike 0-1: Foul Ball, location: 2F 0-2: Ball 1-2: Foul Ball, location: 2F 1-2: Fly out, F7 (Flyball, 7D, EV 96.2 MPH)
|
|
Batting: LHB Colin Worthington
|
0-0: Ball 1-0: Ball 2-0: Ball 3-0: Base on Balls
|
|
Batting: RHB Xavier Davis
|
0-0: Ball 1-0: Swinging Strike 1-1: Fly out, F8 (Flyball, 8RD, EV 101.2 MPH)
|
|
Batting: RHB Zhi-bin Ou-yang
|
0-0: Called Strike 0-1: Called Strike 0-2: Foul Ball, location: 2F 0-2: Fielders Choice at 2nd, U6 (Groundball, 6M, EV 88.1 MPH)
|
| Bottom of the 5th over - 0 runs, 0 hits, 0 errors, 1 left on base; San Francisco 2 - Atlanta 0 |
| TOP OF THE 6TH |
|
San Francisco Giants batting - Pitching for Atlanta Braves : RHP Sean Geer
|
|
Batting: LHB Jack Henningar
|
0-0: Ball 1-0: Ball 2-0: Foul Ball, location: 2F 2-1: Foul Ball, location: 2F 2-2: Foul Ball, location: 2F 2-2: Ball 3-2: Foul Ball, location: 2F 3-2: Base on Balls
|
|
Batting: SHB Ryan Doss
|
0-0: Called Strike 0-1: Foul Ball, location: 2F 0-2: Ball 1-2: Ball 2-2: Ball 3-2: Base on Balls Jack Henningar to second
|
|
Pitching: LHP Jason Zaugg
|
|
|
Batting: LHB Tom Best
|
0-0: Ball 1-0: Sac Bunt to P - play at first, batter OUT! 1-3 Jack Henningar to third Ryan Doss to second
|
|
Batting: RHB Nate Hodson
|
0-0: Ground out 2-3 (Groundball, 2R, EV 67.5 MPH)
|
|
Batting: LHB John Blair
|
0-0: Ball 1-0: Foul Ball, location: 2F 1-1: Ball 2-1: Ball 3-1: SINGLE (Flyball, 5D, EV 90.6 MPH) Jack Henningar scores Ryan Doss to third Runner from 3rd tries for Home, SAFE, throw by LF to home
|
|
Batting: SHB Bill Dooms
|
0-0: Ball 1-0: Ball 2-0: Foul Ball, location: 2F 2-1: Ball 3-1: Foul Ball, location: 2F 3-2: Base on Balls John Blair to second
|
|
Batting: RHB Nick Rigden
|
0-0: Called Strike 0-1: Fielders Choice at 2nd, 6-4 (Groundball, 6, EV 85.6 MPH)
|
| Top of the 6th over - 2 runs, 1 hit, 0 errors, 2 left on base; San Francisco 4 - Atlanta 0 |
| BOTTOM OF THE 6TH |
|
Atlanta Braves batting - Pitching for San Francisco Giants : RHP Keith Kidd
|
|
Batting: RHB Tade Post
|
0-0: Ball 1-0: Foul Ball, location: 2F 1-1: Ball 2-1: Foul Ball, location: 2F 2-2: Strikes out swinging
|
|
Batting: LHB Per Meulengracht
|
0-0: Called Strike 0-1: Ground out 4-3 (Groundball, 4, EV 85.0 MPH)
|
|
Batting: RHB Luis Torres
|
0-0: Ball 1-0: Ball 2-0: Ball 3-0: Base on Balls
|
|
Batting: RHB Jordan Martin
|
0-0: Called Strike 0-1: Ball 1-1: Ground out 1-3 (Groundball, 25, EV 67.5 MPH)
|
| Bottom of the 6th over - 0 runs, 0 hits, 0 errors, 1 left on base; San Francisco 4 - Atlanta 0 |
| TOP OF THE 7TH |
|
San Francisco Giants batting - Pitching for Atlanta Braves : LHP Jason Zaugg
|
|
Pitching: RHP David Matheney
|
|
|
Batting: LHB Carey Horncole
|
0-0: Foul Ball, location: 2F 0-1: DOUBLE (Line Drive, 89D, EV 106.2 MPH)
|
|
Batting: RHB Sean Zielinski
|
0-0: Called Strike 0-1: Foul Ball, location: 2F 0-2: Ball 1-2: Ball 2-2: Strikes out looking
|
|
Batting: LHB Jack Henningar
|
0-0: Foul Ball, location: 2F 0-1: Foul Ball, location: 2F 0-2: Ball 1-2: Ball 2-2: Strikes out looking
|
|
Batting: SHB Ryan Doss
|
0-0: Ball 1-0: Foul Ball, location: 2F 1-1: Swinging Strike 1-2: Strikes out swinging
|
| Top of the 7th over - 0 runs, 1 hit, 0 errors, 1 left on base; San Francisco 4 - Atlanta 0 |
| BOTTOM OF THE 7TH |
|
Atlanta Braves batting - Pitching for San Francisco Giants : RHP Keith Kidd
|
|
Batting: RHB Adriaan Pieters
|
0-0: Called Strike 0-1: DOUBLE (Flyball, 8LXD, EV 110.6 MPH)
|
|
Batting: RHB Ike Trout
|
0-0: Foul Ball, location: 2F 0-1: Ball 1-1: Ball 2-1: Ball 3-1: Foul Ball, location: 2F 3-2: Foul Ball, location: 2F 3-2: Base on Balls
|
|
Batting: LHB Colin Worthington
|
0-0: Swinging Strike 0-1: Ball 1-1: Fly out, F6 (Line Drive, 6M, EV 64.4 MPH)
|
|
Batting: RHB Xavier Davis
|
0-0: Ball 1-0: Ball 2-0: Ball 3-0: Foul Ball, location: 2F 3-1: Called Strike 3-2: Strikes out swinging
|
|
Batting: RHB Zhi-bin Ou-yang
|
0-0: Called Strike 0-1: Foul Ball, location: 2F 0-2: Strikes out swinging
|
| Bottom of the 7th over - 0 runs, 1 hit, 0 errors, 2 left on base; San Francisco 4 - Atlanta 0 |
| TOP OF THE 8TH |
|
San Francisco Giants batting - Pitching for Atlanta Braves : RHP David Matheney
|
|
Pitching: RHP Mike Willig
|
|
|
Batting: LHB Tom Best
|
0-0: Ball 1-0: Fly out, F7 (Flyball, 7, EV 90.0 MPH)
|
|
Batting: RHB Nate Hodson
|
0-0: Foul Ball, location: 2F 0-1: Foul Ball, location: 2F 0-2: Ball 1-2: Ball 2-2: Ground out 4-3 (Groundball, 4, EV 84.4 MPH)
|
|
Batting: LHB John Blair
|
0-0: Ball 1-0: Ball 2-0: Called Strike 2-1: Foul Ball, location: 2F 2-2: Fly out, F3 (Popup, 3SF, EV 78.8 MPH)
|
| Top of the 8th over - 0 runs, 0 hits, 0 errors, 0 left on base; San Francisco 4 - Atlanta 0 |
| BOTTOM OF THE 8TH |
|
Atlanta Braves batting - Pitching for San Francisco Giants : RHP Keith Kidd
|
|
Pitching: RHP Borisz Barciniak
|
|
|
Batting: RHB Tade Post
|
0-0: Ball 1-0: Called Strike 1-1: Ball 2-1: Fly out, F9 (Line Drive, 89S, EV 95.0 MPH)
|
|
Batting: LHB Per Meulengracht
|
0-0: Called Strike 0-1: Foul Ball, location: 2F 0-2: DOUBLE (Flyball, 78D, EV 90.6 MPH)
|
|
Batting: RHB Luis Torres
|
0-0: Called Strike 0-1: Ball 1-1: Ball 2-1: Called Strike 2-2: Ball 3-2: Base on Balls
|
|
Batting: RHB Jordan Martin
|
0-0: TRIPLE (Line Drive, 9D, EV 100.0 MPH) Per Meulengracht scores Luis Torres scores
|
|
Batting: RHB Adriaan Pieters
|
0-0: SINGLE (Line Drive, 6D, EV 96.2 MPH) Jordan Martin scores
|
|
Pinch Runner at 1st Liangde Li:
|
|
|
Batting: RHB Ike Trout
|
0-0: Called Strike Liangde Li steals 2nd base 0-1: Ball 1-1: Ground out 4-3 (Groundball, 34, EV 81.2 MPH) Liangde Li to third
|
|
Pitching: LHP Tyler Stancil
|
|
|
Pinch Hitting: RHB Ramon Villarreal
|
0-0: Called Strike 0-1: SINGLE (Line Drive, 9LS, EV 112.5 MPH) Liangde Li scores
|
|
Batting: RHB Xavier Davis
|
0-0: Ball 1-0: Ball 2-0: 2-RUN HOME RUN (Flyball, 7D, EV 96.2 MPH), Distance : 360 ft
|
|
Batting: RHB Zhi-bin Ou-yang
|
0-0: Ball 1-0: Swinging Strike 1-1: Called Strike 1-2: Foul Ball, location: 2F 1-2: SINGLE (Groundball, 4D, EV 102.5 MPH)
|
|
Batting: RHB Tade Post
|
0-0: Called Strike 0-1: Ball 1-1: Ground out 4-3 (Groundball, 34, EV 102.5 MPH)
|
| Bottom of the 8th over - 6 runs, 6 hits, 0 errors, 1 left on base; San Francisco 4 - Atlanta 6 |
| TOP OF THE 9TH |
|
San Francisco Giants batting - Pitching for Atlanta Braves : RHP Mike Willig
|
|
Pitching: RHP Victor Munoz
|
|
|
Now at 3B: Ramon Villarreal
|
|
|
Now in LF: Zhi-bin Ou-yang
|
|
|
Now in CF: Liangde Li
|
|
|
Now in RF: Per Meulengracht
|
|
|
Batting: SHB Bill Dooms
|
0-0: SINGLE (Line Drive, 34, EV 97.5 MPH)
|
|
Batting: RHB Nick Rigden
|
0-0: Called Strike 0-1: Ball 1-1: Grounds into double play, 6-4-3 (Groundball, 6, EV 80.0 MPH)
|
|
Batting: LHB Carey Horncole
|
0-0: Ball 1-0: Called Strike 1-1: Fly out, F4 (Popup, 4, EV 78.1 MPH)
|
| Top of the 9th over - 0 runs, 1 hit, 0 errors, 0 left on base; San Francisco 4 - Atlanta 6 |
|